 Dungeon Crawl Stone Soup version 0.14.1-26-g5a19342 (webtiles) character file.

1978 Kae the Cleaver (level 9, -5/70 HPs)
             Began as a Hill Orc Fighter on July 31, 2014.
             Was an Initiate of Okawaru.
             Slain by an ogre
             ... wielding a +0,+0 giant spiked club
              (22 damage)
             ... on Level 7 of the Dungeon.
             The game lasted 00:07:27 (6292 turns).

Kae the Cleaver (Hill Orc Fighter)                  Turns: 6292, Time: 00:07:27

HP  -5/70        AC  6     Str 22      XL: 9   Next:  4%
MP   9/9         EV  6     Int  8      God: Okawaru [......]
Gold 263         SH 18     Dex 10      Spells:  0 memorised,  8 levels left

rFire  . . .     SeeInvis .     a - +1,-2 war axe
rCold  + . .     Clarity  .     b - +0 scale mail
rNeg   . . .     Conserve .     c - +0 shield
rPois  .         rCorr    .     (no helmet)
rElec  .         rRot     .     (no cloak)
SustAb + .       Spirit   .     (no gloves)
rMut   .         Warding  .     (no boots)
Saprov + . .     Stasis   .     (no amulet)
MR     .....                    G - ring of sustain abilities
                                y - ring of protection from cold

@: not resistant to hostile enchantments, extremely unstealthy
A: saprovore 1
a: Renounce Religion


You were on level 7 of the Dungeon.
You worshipped Okawaru.
Okawaru was noncommittal.
You were near starving.

You visited 2 branches of the dungeon, and saw 8 of its levels.

You collected 263 gold pieces.

Inventory:

Hand weapons
 a - a +1,-2 war axe (weapon)
Armour
 b - a +0 scale mail (worn)
 c - a +0 shield (worn)
Magical devices
 e - a wand of flame (15)
 t - a wand of random effects (12) {unknown}
 A - a wand of draining (8) {unknown}
Comestibles
 d - 4 meat rations
 i - 6 apples
 k - 11 strawberries
 p - 3 chokos
 z - 3 bread rations
 H - 5 sultanas
Scrolls
 f - 7 scrolls of identify
 j - 3 scrolls of blinking
 l - 2 scrolls of teleportation
 n - a scroll of fog {unknown}
 q - a scroll of enchant weapon I
 B - 2 scrolls of remove curse
Jewellery
 g - an uncursed ring of flight
 v - an uncursed ring of protection from cold
 y - a ring of protection from cold (left hand)
 G - a ring of sustain abilities (right hand)
Potions
 h - a potion of porridge
 m - 2 potions of paralysis {unknown}
 o - 8 potions of heal wounds
 r - 4 potions of haste {unknown}
 s - 2 potions of curing
 u - 2 potions of poison {unknown}
 w - 2 potions of brilliance {unknown}
 D - 2 potions of restore abilities {unknown}
 F - a potion of degeneration {unknown}
Books
 C - a book of Geomancy

   Spells                             Type                      Level
   Sandblast                          Earth                        1
   Stoneskin                          Transmutation/Earth          2
   Passwall                           Transmutation/Earth          3
   Stone Arrow                        Conjuration/Earth            3
   Petrify                            Transmutation/Earth          4
   Lee's Rapid Deconstruction         Earth                        5


   Skills:
 - Level 3.6 Fighting
 + Level 14.1 Axes
 - Level 3.2 Armour
 - Level 3.2 Shields


You had 8 spell levels left.
You didn't know any spells.

Dungeon Overview and Level Annotations

Branches:
Dungeon (7/15)             Temple (1/1) D:5

Altars:
Ashenzari
Cheibriados
Dithmenos
Elyvilon
Fedhas
Kikubaaqudgha
Makhleb
Nemelex Xobeh
Okawaru
Sif Muna
Trog
Vehumet
Xom
Yredelemnul
Zin
The Shining One


Innate Abilities, Weirdness & Mutations

You can tolerate rotten meat.


Message History

You hit the ogre but do no damage.
The ogre is moderately wounded.
You hit the ogre but do no damage.
The ogre is moderately wounded.
The ogre hits you with a giant spiked club!
* * * LOW HITPOINT WARNING * * *
Your shield prevents you from hitting the ogre.
The ogre is moderately wounded.
You block the ogre's attack.
You slash the ogre!
The ogre is heavily wounded.
You hit the ogre.
The ogre is severely wounded.
The ogre closely misses you.
You hit the ogre.
The ogre is severely wounded.
You completely miss the ogre.
The ogre is severely wounded.
The ogre hits you with a giant spiked club!
You die...

#.# ##.#########.######
.......[.........[.
##.#########.#.....
#########.#.....
#.........#.####
#+#....######.# +_+...>#
#.# #@###########.####
.......O.................
##.################.####
#.# #.# #.# #.#### #.....
#..###


You could see an ogre.

Vanquished Creatures
  An ogre (D:4)
  An ice beast (D:6)
  A phantom (D:5)
  2 sky beasts
  Sigmund (D:3)
  2 centaurs
  A giant frog (D:7)
  2 scorpions
  2 jellies (D:5)
  3 crimson imps
  3 orc priests
  A giant frog skeleton (D:5)
  3 hounds
  An iguana (D:6)
  6 worker ants
  2 orc wizards
  Ijyb (D:3)
  Jessica (D:3)
  8 adders
  An inept feature mimic (D:4)
  A giant mite (D:6)
  3 worms
  A shadow imp (D:6)
  An adder zombie (D:5)
  An orc skeleton (D:3)
  A giant eyeball (D:6)
  4 giant geckos
  An ooze (D:1)
  15 orcs
  8 bats
  3 giant cockroaches
  9 goblins
  13 hobgoblins
  3 quokkas
  A ball python (D:1)
  3 giant newts
  A giant spore (D:6)
  2 hobgoblin skeletons
  3 jackals (D:2)
  10 kobolds
  A kobold skeleton (D:4)
  10 rats
  A rat zombie (D:5)
  4 ballistomycetes (D:6)
143 creatures vanquished.

Notes
Turn   | Place    | Note
--------------------------------------------------------------
     0 | D:1      | Kae, the Hill Orc Fighter, began the quest for the Orb.
     0 | D:1      | Reached XP level 1. HP: 19/19 MP: 1/1
   298 | D:1      | Reached XP level 2. HP: 24/26 MP: 2/2
   585 | D:1      | Reached skill level 4 in Axes
   805 | D:2      | Found a blossoming altar of Fedhas.
  1008 | D:2      | Reached XP level 3. HP: 22/31 MP: 3/3
  1422 | D:2      | Reached skill level 5 in Axes
  1548 | D:3      | Noticed Jessica
  1556 | D:3      | Killed Jessica
  1556 | D:3      | Reached XP level 4. HP: 35/39 MP: 4/4
  1630 | D:3      | Reached skill level 6 in Axes
  1932 | D:3      | Found a shattered altar of Ashenzari.
  1938 | D:3      | HP: 1/39 [kobold/ dart (1)]
  1947 | D:3      | Reached skill level 7 in Axes
  1947 | D:3      | Reached XP level 5. HP: 5/45 MP: 5/5
  2237 | D:3      | Found a burning altar of Makhleb.
  2257 | D:3      | Noticed a centaur
  2264 | D:3      | Killed a centaur
  2264 | D:3      | Reached skill level 8 in Axes
  2264 | D:3      | Reached XP level 6. HP: 30/51 MP: 6/6
  2355 | D:3      | Found a deep blue altar of Sif Muna.
  2355 | D:3      | Found a snail-covered altar of Cheibriados.
  2417 | D:3      | Noticed Sigmund
  2428 | D:3      | Killed Sigmund
  2469 | D:3      | Reached skill level 9 in Axes
  2594 | D:3      | Noticed Ijyb
  2623 | D:3      | Killed Ijyb
  3251 | D:4      | Reached XP level 7. HP: 46/57 MP: 7/7
  3534 | D:4      | Reached skill level 10 in Axes
  3578 | D:4      | Found an ancient bone altar of Kikubaaqudgha.
  3640 | D:4      | Found a bloodstained altar of Trog.
  3652 | D:4      | Found a staircase to the Ecumenical Temple.
  3702 | D:4      | the staircase to the Ecumenical Temple was a mimic.
  3801 | D:5      | Entered Level 5 of the Dungeon
  3830 | D:5      | Reached skill level 11 in Axes
  4133 | D:5      | Reached XP level 8. HP: 37/64 MP: 8/8
  4337 | D:5      | Found a staircase to the Ecumenical Temple.
  4394 | Temple   | Entered the Ecumenical Temple
  4655 | D:5      | Reached skill level 12 in Axes
  4667 | D:5      | Found a glowing golden altar of the Shining One.
  4710 | D:5      | Found a white marble altar of Elyvilon.
  5288 | D:6      | Reached skill level 13 in Axes
  5576 | D:6      | Paralysed by a giant eyeball for 4 turns
  5584 | D:6      | Paralysed by a giant eyeball for 3 turns
  6038 | D:7      | Found a shadowy altar of Dithmenos.
  6144 | D:7      | Found an iron altar of Okawaru.
  6173 | D:7      | Reached skill level 14 in Axes
  6173 | D:7      | Reached XP level 9. HP: 12/70 MP: 9/9
  6175 | D:7      | Became a worshipper of Warmaster Okawaru
  6292 | D:7      | Slain by an ogre

Action                   |  1- 3 |  4- 6 |  7- 9 || total
-------------------------+-------+-------+-------++-------
Melee: War axe           |    98 |   159 |   351 ||   608
Evoke: Wand              |       |       |     1 ||     1
  Use: Potion            |       |     4 |     2 ||     6
       Scroll            |       |       |    11 ||    11
